 Dungeon Crawl Stone Soup version 0.13-a0-2202-g857913d (webtiles) character file.

2108 Kae the Chiller (level 8, -2/57 HPs)
             Began as a Red Draconian Ice Elementalist on July 2, 2013.
             Was an Initiate of Vehumet.
             Slain by an orc warrior
             ... wielding a +0,+0 orcish great mace
              (14 damage)
             ... on Level 6 of the Dungeon.
             The game lasted 00:14:12 (7748 turns).

Kae the Chiller (Red Draconian Ice Elementalist)    Turns: 7748, Time: 00:14:12

HP  -2/57        AC  6     Str 10      XL: 8   Next: 86%
MP  17/18        EV 12     Int 18      God: Vehumet [......]
Gold 275         SH  0     Dex 12      Spells:  4 memorised,  5 levels left

Res.Fire  : + . .   See Invis. : .   j - +0 quarterstaff
Res.Cold  : . . .   Warding    : .   (armour unavailable)
Life Prot.: . . .   Conserve   : .   (no shield)
Res.Poison: .       Res.Corr.  : .   (helmet restricted)
Res.Elec. : .       Clarity    : .   (no cloak)
Sust.Abil.: . .     Spirit.Shd : .   (no gloves)
Res.Mut.  : .       Stasis     : .   (no boots)
Res.Rott. : .       Flight     : .   (no amulet)
Saprovore : . . .                    (no ring)
                                     (no ring)

@: short of breath, slightly resistant to hostile enchantments, unstealthy
A: breathe fire, unfitting armour, fire resistance 1, AC +6
a: Breathe Fire, Renounce Religion


You were on level 6 of the Dungeon.
You worshipped Vehumet.
Vehumet was pleased with you.
You were not hungry.

You visited 2 branches of the dungeon, and saw 9 of its levels.

You collected 255 gold pieces.

Inventory:

Hand weapons
 j - a +0,+0 quarterstaff (weapon)
Magical devices
 p - a wand of slowing (12) {unknown}
 s - a wand of slowing (17) {unknown}
Comestibles
 c - 3 bread rations
 i - a meat ration
 k - a royal jelly
 l - a choko
 v - a chunk of hobgoblin flesh
 w - 3 chunks of hobgoblin flesh
Scrolls
 a - 4 scrolls of random uselessness {unknown}
 e - a scroll of magic mapping {unknown}
 h - a scroll of blinking {unknown}
 m - 5 scrolls of identify
 n - 2 scrolls of teleportation {unknown}
 q - 3 scrolls of remove curse {unknown}
Jewellery
 d - an uncursed amulet of warding {unknown}
 u - a +5 ring of dexterity {unknown}
Potions
 f - a potion of heal wounds {unknown}
 g - a potion of paralysis {unknown}
 o - a potion of mutation {unknown}
Books
 b - a book of Frost

   Spells                             Type                      Level
   *Freeze                            Ice                          1
   *Throw Frost                       Conjuration/Ice              2
   *Ozocubu's Armour                  Charms/Ice                   3
   *Throw Icicle                      Conjuration/Ice              4
   Summon Ice Beast                   Ice/Summoning                4
   Condensation Shield                Ice                          4
 r - a book of Wizardry

   Spells                             Type                      Level
   Summon Elemental                   Summoning                    4
   Agony                              Necromancy                   5
   Lightning Bolt                     Conjuration/Air              5
   Fireball                           Conjuration/Fire             5
   Haste                              Charms                       6
   Invisibility                       Hexes                        6
 t - a book of Clouds

   Spells                             Type                      Level
   Mephitic Cloud                     Conjuration/Poison/Air       3
   Conjure Flame                      Conjuration/Fire             3
   Poisonous Cloud                    Conjuration/Poison/Air       6
   Freezing Cloud                     Conjuration/Ice/Air          6
   Ring of Flames                     Charms/Fire                  7


   Skills:
 + Level 3.2 Staves
 - Level 1.7 Dodging
 - Level 1.7 Stealth
 + Level 4.2 Spellcasting
 * Level 5.9 Conjurations
 * Level 6.2 Ice Magic


You had 5 spell levels left.
You knew the following spells:

 Your Spells              Type           Power        Failure   Level  Hunger
a - Freeze                Ice            ####         1%          1    None
b - Throw Frost           Conj/Ice       ####..       1%          2    #......
c - Throw Icicle          Conj/Ice       ####....     14%         4    ####...
d - Ozocubu's Armour      Chrm/Ice       ###.......   14%         3    ###....


Dungeon Overview and Level Annotations

Branches:
Dungeon (8/27)             Temple (1/1) D:6
    Orc: D:6-11        Lair: D:8-13

Altars:
Ashenzari
Cheibriados
Elyvilon
Kikubaaqudgha
Nemelex Xobeh
Sif Muna
Trog
Vehumet
Xom
Yredelemnul
Zin
the Shining One

Annotations
D:4 1 exclusion


Innate Abilities, Weirdness & Mutations

You can breathe blasts of fire.
Your fiery red scales are hard (AC +6).
Your body does not fit into most forms of armour.
Your cold-blooded metabolism reacts poorly to cold.
Your flesh is heat resistant.


Message History

Drink which item? (? for menu, Esc to quit)
Okay, then.
Use which ability? (? or * to list)
You fail to use your ability.
The orc warrior barely misses you.
Unknown command.
Use which ability? (? or * to list)
Press: ? - help, Shift-Dir - straight line, f - orc warrior
Aim: an orc warrior, wielding an orcish great mace and wearing an orcish chain mail You breathe a blast of fire.
The fiery breath hits the orc warrior.
The orc warrior is lightly wounded.
You feel somewhat more hungry.
Casting: Freeze
Confirm with . or Enter, or press ? or * to list all spells.
Aiming: Freeze
Press: ? - help, Shift-Dir - straight line, f/p - orc warrior
Aim: an orc warrior, wielding an orcish great mace and wearing an orcish chain mail (lightly wounded)
You freeze the orc warrior.
The orc warrior is heavily wounded.
The orc warrior hits you with an orcish great mace!
You die...

#.##<)#####.#....# #.#######...
#.......[........# #.# ##.#
##....#####.#....# #.########.# #
#.##.# #.#....###.#.....%... ##
#.##.#####............######.#
.###.##.#.....#..#.####### #.#
..........#.#.#..).....# #.#
.###.##.#...#.##.###.#.########..
..##.##.#####.##@# #.#..........)
#.##.##.## #.##o# #.##########..
#.##.#...# #%##># #%# #..
.......#.####(##.# #.# ###
..##...........#.###.#
..######........ยง....## ..#
#..............#
..######.........####.#
...............#.# #.#


You could see an orc warrior.

Vanquished Creatures
  An orc warrior (D:6)
  2 sky beasts
  4 ogres
  A centaur (D:5)
  A phantom (D:5)
  2 giant frogs (D:6)
  A centaur zombie (D:5)
  Blork the orc (D:6)
  A crimson imp (D:5)
  A goliath beetle (D:6)
  4 scorpions
  2 orc priests
  3 hounds
  2 iguanas
  A hound skeleton (D:4)
  3 worker ants
  2 orc wizards (D:6)
  2 jellies
  8 adders
  An iguana skeleton (D:3)
  5 worms
  2 giant mites
  A bat skeleton (D:4)
  A giant eyeball (D:4)
  4 giant geckos
  13 orcs
  2 ball pythons
  10 giant cockroaches
  19 goblins
  14 hobgoblins
  5 jackals
  7 quokkas
  13 bats
  A giant gecko skeleton (D:5)
  7 giant newts
  A goblin zombie (D:5)
  13 kobolds
  A kobold skeleton (D:4)
  16 rats
178 creatures vanquished.

Vanquished Creatures (others)
  A giant newt (D:3)
1 creature vanquished.

Grand Total: 179 creatures vanquished

Notes
Turn   | Place    | Note
--------------------------------------------------------------
     0 | D:1      | Kae, the Draconian Ice Elementalist, began the quest for the Orb.
     0 | D:1      | Reached XP level 1. HP: 14/14 MP: 3/3
   440 | D:1      | Reached XP level 2. HP: 5/20 MP: 4/4
  1143 | D:1      | Learned a level 2 spell: Throw Frost
  1468 | D:2      | Reached XP level 3. HP: 10/26 MP: 3/6
  2196 | D:2      | Reached skill level 4 in Ice Magic
  2269 | D:2      | Reached XP level 4. HP: 31/33 MP: 4/8
  2736 | D:3      | HP: 1/33 [giant mite (2)]
  2994 | D:3      | Reached XP level 5. HP: 25/38 MP: 8/10
  3701 | D:3      | Found a bloodstained altar of Trog.
  3848 | D:3      | Reached skill level 5 in Ice Magic
  4272 | D:4      | Reached XP level 6. HP: 30/45 MP: 12/12
  4294 | D:4      | Noticed an ogre
  4308 | D:4      | Killed an ogre
  4342 | D:4      | Learned a level 4 spell: Throw Icicle
  4346 | D:4      | Learned a level 3 spell: Ozocubu's Armour
  4438 | D:4      | Noticed a moth of wrath
  4440 | D:4      | Found a bloodstained altar of Trog.
  4531 | D:4      | Reached skill level 1 in Staves
  4776 | D:5      | Entered Level 5 of the Dungeon
  4995 | D:4      | Your scales start taking on a fiery red colour.
  4995 | D:4      | Gained mutation: Your flesh is heat resistant. [draconian maturity]
  4995 | D:4      | Reached XP level 7. HP: 33/50 MP: 9/14
  5129 | D:5      | Reached skill level 5 in Ice Magic
  5724 | D:5      | Reached skill level 5 in Conjurations
  5785 | D:5      | Reached XP level 8. HP: 25/57 MP: 17/17
  6382 | D:6      | Found a staircase to the Ecumenical Temple.
  6413 | Temple   | Entered the Ecumenical Temple
  6499 | Temple   | Became a worshipper of Vehumet
  7034 | D:6      | Reached skill level 6 in Ice Magic
  7097 | D:6      | Noticed Blork the orc
  7116 | D:6      | Killed Blork the orc
  7748 | D:6      | Slain by an orc warrior

Action                   |  1- 3 |  4- 6 |  7- 9 || total
-------------------------+-------+-------+-------++-------
Melee: Unarmed           |   232 |    92 |       ||   324
       Quarterstaff      |       |    38 |    54 ||    92
 Cast: Freeze            |    37 |   127 |   109 ||   273
       Throw Frost       |     1 |     5 |    18 ||    24
       Throw Icicle      |       |       |     1 ||     1
 Abil: Breathe Fire      |       |       |     8 ||     8
  Use: Scroll            |       |     6 |       ||     6
       Potion            |       |     6 |       ||     6
 Stab: Sleeping          |     3 |     1 |       ||     4
